 Dungeon Crawl Stone Soup version 0.31-a0-889-g1a8549509d (webtiles) character file.

Game seed: 9538282708453088823

61 javelincjr the Changeling (level 3, -3/32 HPs)
             Began as a Troll Shapeshifter on Oct 16, 2023.
             Slain by Sigmund
             ... wielding a +1 scythe of flaming
              (8 damage)
             ... on level 2 of the Dungeon.
             The game lasted 00:03:17 (1177 turns).

javelincjr the Changeling (Troll Shapeshifter)      Turns: 1177, Time: 00:03:17

Health: -3/32      AC:  4    Str: 24    XL:     3   Next: 83%
Magic:  0/2        EV:  9    Int:  6    God:
Gold:   19         SH:  0    Dex:  9    Spells: 2/2 levels left

rFire   . . .        f - +1 dagger (drain)
rCold   . . .        (no shield)
rNeg    . . .        a - +0 animal skin
rPois   .            (helmet currently unavailable)
rElec   .            (cloak currently unavailable)
rCorr   .            (gloves unavailable)
SInv    .            (boots unavailable)
Will    .....        e - amulet of guardian spirit
Stlth   +            (no ring)
HPRegen 1.05/turn    (no ring)
MPRegen 0.08/turn

%: guardian spirit
@: confused, beast-form
A: beast (slay +2), large, unfitting armour, claws 3, regeneration 1, shaggy fur
1, tough skin 1
a: Begin Untransformation


You were on level 2 of the Dungeon.
You were a hulking beast.
You visited 1 branch of the dungeon, and saw 2 of its levels.

You collected 19 gold pieces.

Inventory:

Hand Weapons
 f - a +1 dagger of draining (weapon)
Armour
 a - a +0 animal skin (worn)
Jewellery
 e - an amulet of guardian spirit (around neck)
 l - an amulet of the acrobat
 n - a ring of ice
Talismans
 c - a beast talisman (active)
 d - a flux talisman
Scrolls
 g - a scroll of amnesia {unknown}
 h - a scroll of blinking {unknown}
 i - 2 scrolls of teleportation {unknown}
 k - a scroll of fog {unknown}
 m - a scroll of poison {unknown}
Potions
 j - 2 potions of attraction {unknown}
 o - a potion of resistance {unknown}


   Skills:
 - Level 0.7 Fighting
 - Level 1.5 Dodging
 - Level 3.0 Unarmed Combat
 * Level 4.5 Shapeshifting


You had 2 spell levels left.
You didn't know any spells.
Your spell library contained the following spells:

 Spells                   Type           Power      Damage    Failure   Level
 Inner Flame              Hex/Fire       0%         N/A       83%         3
 Yara's Violent Unravell  Hex/Tmut       0%         3d3       100%        5
 Enfeeble                 Hex            0%         N/A       100%        7


Dungeon Overview and Level Annotations

Branches:
Dungeon (2/15)

Altars:

Shops:
D:1 :

Annotations:
D:2 Sigmund


Innate Abilities, Weirdness & Mutations

You are a hulking beast.
Your limbs bulge with bestial killing power. (Slay +2)
You are too large for most types of armour.
You have claws for hands.
Your natural rate of healing is unusually fast.
You are covered in fur. (AC +1)
You have tough skin. (AC +1)


Message History

Sigmund burns you.
You nearly hit yourself!
You attack the rock wall.
You feel less confused.
Sigmund hits you with a +1 scythe of flaming.
Sigmund burns you.
You hit Sigmund but do no damage.
Sigmund is lightly wounded.
Sigmund hits you with a +1 scythe of flaming.
Sigmund burns you.
You hit Sigmund but do no damage.
Sigmund is lightly wounded.
You hit Sigmund.
Sigmund is lightly wounded.
Sigmund mumbles some strange words.
Sigmund flickers and vanishes!
Deactivating autopickup; reactivate with Ctrl-A.
You barely miss something. Something hits you! Something burns you.
You barely miss something. Something hits you but does no damage.
You miss something.
You feel less wooden.
Your +0 animal skin unmelds from your body.
You turn into a hulking beast.
You miss something. Something hits you. Something burns you.
You barely miss something. Something hits you! Something burns you.
You hit something. You completely miss something.
You hear some strange, mumbled words.
You are confused.
You're too confused to attack without stumbling around!
You're too confused to attack without stumbling around!
You're too confused to attack without stumbling around!
You're too confused to attack without stumbling around!
You're too confused to attack without stumbling around!
You're too confused to move!
Something hits you!
* * * LOW HITPOINT WARNING * * *
Something burns you.
* * * LOW HITPOINT WARNING * * *
You bump into the rock wall.
Something hits you!
You die...

#..# #.# #..# #.+
#..# ##.# #..#
#..##########..##
#................
#........####....
#.###..##.##.#
#.....
#..{h.....##.#
##...#
####...#####.#
##.## #....?# #.#
#.## #...#.# #.#
#... ###.#<# #.#
#+## #.# # #.#
#.. ..# ###. ###


There were no monsters in sight!

Vanquished Creatures
  An adder (D:2)
  2 dart slugs (D:1)
  3 bats
  3 endoplasms
  2 giant cockroaches
  7 goblins
  8 hobgoblins
  4 quokkas
  3 ball pythons (D:1)
  3 frilled lizards
  4 kobolds
  3 rats
43 creatures vanquished.

Notes
Turn   | Place    | Note
-------+----------+-------------------------------------------
     0 | D:1      | javelincjr the Troll Shapeshifter began the quest for the
                  | Orb.
     0 | D:1      | Reached XP level 1. HP: 18/18 MP: 0/0
   116 | D:1      | Reached XP level 2. HP: 26/26 MP: 1/1
   148 | D:1      | Found Luxaazul's Book Shoppe.
   360 | D:1      | Reached skill level 4 in Shapeshifting
   446 | D:1      | Reached XP level 3. HP: 32/32 MP: 2/2
  1149 | D:2      | Noticed Sigmund
  1177 | D:2      | Slain by Sigmund

Illustrated notes

Levels and vault maps discovered:
D:1:      lightli_arrival_chessboard, layout_basic, serial_shops,
          nicolae_shop_tiny_glass, amethyst_killhole, minmay_box_of_dots
D:2:      layout_loops_corners, chequers_garden, minmay_misc_feat_hallway,
          minivault_27, minivault_25, uniq_sigmund

Skill      XL: |  1  2 |
---------------+-------+-----
Shapeshifting  | 4 |  4.5
Fighting       | |  0.7
Dodging        | |  1.5
Unarmed Combat | |  3.0

Action                     || total
---------------------------++-------
  Melee: Unarmed           ||    17
         Dagger            ||    84
    Use: Potion            ||     1
 Armour: Animal skin       ||    53
         Skin              ||    11
  Dodge: Dodged            ||    41

Table legend: (Time is in decaauts)
 A = Elapsed time spent in this place.
 B = Non-inter-level travel time spent in this place.
 C = Inter-level travel time spent in this place.
 D = Time resting spent in this place.
 E = Time spent auto-exploring this place.
 F = Levels seen in this place.
 G = Mean time per level.
                   A        B        C        D        E       F      G
               +--------+--------+--------+--------+--------+-----+--------+
         Total |   1175 |   1156 |     19 |      0 |    905 |   2 |  587.5 |
       Dungeon |   1175 |   1156 |     19 |      0 |    905 |   2 |  587.5 |
               +--------+--------+--------+--------+--------+-----+--------+

Top non-repeatable levels by time:
     D:1: 806 daAuts
     D:2: 368 daAuts
